 Dungeon Crawl Stone Soup version 0.28-a0-726-g4a9143789a (webtiles) character file.

Game seed: 6138363404877242315

98 bande the Shield-Bearer (level 4, -2/29 HPs)
             Began as a Gargoyle Fighter on Oct 27, 2021.
             Slain by a gnoll (4 damage)
             ... on level 3 of the Dungeon.
             The game lasted 00:03:46 (2273 turns).

bande the Shield-Bearer (Gargoyle Fighter)          Turns: 2273, Time: 00:03:46

Health: -2/29      AC: 10    Str: 21    XL:     4   Next: 69%
Magic:  4/4        EV:  9    Int:  8    God:
Gold:   63         SH:  5    Dex:  9    Spells: 3/3 levels left

rFire   . . .      SeeInvis +   a - +0 war axe (freeze)
rCold   . . .      Faith    .   c - +1 buckler
rNeg    + . .      Spirit   .   b - +0 scale mail
rPois   ∞          Reflect  .   (no helmet)
rElec   +          Harm     .   (no cloak)
rCorr   .          Rampage  .   (no gloves)
Will    .....                   (no boots)
Stlth   ..........              (no amulet)
HPRegen 0.09/turn               f - ring of see invisible
MPRegen 0.09/turn               (no ring)

@: no status effects
A: sickness immunity, AC +3, negative energy resistance 1, electricity
resistance, torment resistance 1, petrification resistance
a: no special abilities


You were on level 3 of the Dungeon.
You visited 1 branch of the dungeon, and saw 3 of its levels.

You collected 75 gold pieces.
You spent 12 gold pieces at shops.

Inventory:

Hand Weapons
 a - a +0 war axe of freezing (weapon)
Armour
 b - a +0 scale mail (worn)
 c - a +1 buckler (worn)
Jewellery
 f - a ring of see invisible (left hand)
Scrolls
 e - a scroll of amnesia
Potions
 d - a potion of might
 j - a potion of invisibility {unknown}


   Skills:
 + Level 3.7 Fighting
 + Level 3.2 Axes
 + Level 3.8 Armour
 - Level 0.1 Dodging
 + Level 3.8 Shields


You had 3 spell levels left.
You didn't know any spells.
Your spell library contained the following spells:

 Spells                   Type           Power      Damage    Failure   Level
 Summon Ice Beast         Ice/Summ       0%         N/A       100%        4
 Summon Mana Viper        Hex/Summ       0%         N/A       100%        5
 Monstrous Menagerie      Summ           0%         N/A       100%        7


Dungeon Overview and Level Annotations

Branches:
Dungeon (3/15)

Altars:

Shops:
D:1 !


Innate Abilities, Weirdness & Mutations

You are immune to sickness and miasma.
Your stone body is resilient. (AC +3)
You are immune to poison.
You resist negative energy. (rN+)
You are resistant to electric shocks. (rElec)
You are resistant to unholy torment.
You are immune to petrification.


Message History

A gnoll comes into view. It is wielding a +0 club.
The gnoll hits you with a +0 whip.
You barely miss the gnoll.
The gnoll hits you from afar with a +2 spear of freezing.
The gnoll freezes you.
You hit the gnoll but do no damage. The gnoll barely misses you.
You block the gnoll's attack.
The gnoll hits you from afar with a +0 spear.
You slash the gnoll! You freeze the gnoll.
You kill the gnoll!
The gnoll closely misses you. The gnoll barely misses you.
You block the gnoll's attack.
You barely miss the gnoll. You block the gnoll's attack.
The gnoll hits you with a +0 club.
The gnoll hits you from afar with a +2 spear of freezing.
The gnoll freezes you.
The gnoll hits you from afar with a +0 spear.
You are too injured to fight recklessly!
You are too injured to fight recklessly!
You are too injured to fight recklessly!
You are too injured to fight recklessly!
You are too injured to fight recklessly!
You are too injured to fight recklessly!
You are too injured to fight recklessly!
Unknown command.
The gnoll hits you but does no damage. The gnoll closely misses you.
You block the gnoll's attack.
You hit the gnoll. You freeze the gnoll.
The gnoll is moderately wounded.
You closely miss the gnoll. You hit the gnoll. You freeze the gnoll.
The gnoll hits you with a +0 club.
The gnoll hits you with a +2 spear of freezing.
* * * LOW HITPOINT WARNING * * *
The gnoll freezes you.
* * * LOW HITPOINT WARNING * * *
You block the gnoll's attack.
It was a potion of cancellation.
You feel magically purged. The gnoll barely misses you.
The gnoll hits you with a +2 spear of freezing.
You die...

........##................#
........##..................
.......###.........##.......
.......# ..........# ......
.......# ..........# .....
.....### .......$..# ..
.....# .........#.....
......g..#.....
.......@.#....)
#......gg......
...#+#......... ...
#......... .. #.........
.......... ..........
...........


You could see 3 gnolls.

Vanquished Creatures
  A gnoll (D:3)
  2 adders
  A worm (D:2)
  An orc (D:3)
  5 endoplasms
  5 giant cockroaches
  5 hobgoblins
  8 jackals (D:1)
  3 quokkas
  2 ball pythons (D:2)
  4 bats
  4 frilled lizards
  4 goblins
  11 kobolds
  3 rats (D:1)
59 creatures vanquished.

Notes
Turn   | Place    | Note
-------+----------+-------------------------------------------
     0 | D:1      | bande the Gargoyle Fighter began the quest for the Orb.
     0 | D:1      | Reached XP level 1. HP: 14/14 MP: 1/1
    91 | D:1      | Reached XP level 2. HP: 17/19 MP: 2/2
   286 | D:1      | Found Ynuuheh's Distillery.
   863 | D:1      | Reached XP level 3. HP: 23/23 MP: 3/3
  1427 | D:1      | Bought a potion of degeneration for 12 gold pieces
  1714 | D:2      | Reached XP level 4. HP: 28/28 MP: 4/4
  2273 | D:3      | Slain by a gnoll

Illustrated notes

Levels and vault maps discovered:
D:1:      roderic_octagonal_star, layout_basic, serial_shops, shop_fountains
D:2:      layout_rooms
D:3:      layout_basic, hellmonk_ecumenical_altar_arch_garden,
          kennysheep_doodads

Skill      XL: |  1  2  3  4 |
---------------+-------------+-----
Axes           | 2 3 |  3.2
Fighting       | |  3.7
Armour         | |  3.8
Dodging        | |  0.1
Shields        | |  3.8

Action                   |  1- 3 |  4- 6 || total
-------------------------+-------+-------++-------
Melee: War axe           |   122 |    31 ||   153
  Use: Scroll            |     5 |     1 ||     6
       Potion            |       |     1 ||     1
Armor: Scale mail        |    73 |    12 ||    85
Dodge: Dodged            |    61 |    11 ||    72
Block: Buckler           |    23 |    12 ||    35

Table legend: (Time is in decaauts)
 A = Elapsed time spent in this place.
 B = Non-inter-level travel time spent in this place.
 C = Inter-level travel time spent in this place.
 D = Time resting spent in this place.
 E = Time spent auto-exploring this place.
 F = Levels seen in this place.
 G = Mean time per level.
                   A        B        C        D        E       F      G
               +--------+--------+--------+--------+--------+-----+--------+
         Total |   2331 |   2255 |     76 |      0 |   1815 |   3 |  777.0 |
       Dungeon |   2331 |   2255 |     76 |      0 |   1815 |   3 |  777.0 |
               +--------+--------+--------+--------+--------+-----+--------+

Top non-repeatable levels by time:
     D:1: 1505 daAuts
     D:2: 575 daAuts
     D:3: 250 daAuts
